 Dungeon Crawl Stone Soup version 0.25-b1-37-g2669288c55 (webtiles) character file.

Game seed: 7543592621425983822

1122 spiritedaway the Ruffian (level 8, -12/78 HPs)
             Began as a Troll Monk on June 5, 2020.
             Was a Plaything of Xom.
             Mangled by an ogre
             ... wielding a +0 giant spiked club
              (15 damage)
             ... on level 7 of the Dungeon.
             The game lasted 00:23:13 (2782 turns).

spiritedaway the Ruffian (Troll Monk)               Turns: 2782, Time: 00:23:14

Health: -12/78     AC:  8    Str: 22    XL:     8   Next: 12%
Magic:  7/7        EV: 11    Int:  6    God:    Xom [*.....]
Gold:   217        SH:  0    Dex: 12    Spells: 7/7 levels left

rFire    + . .     SeeInvis .   c - +2 falchion (distort)
rCold    + . .     Gourm    +   (no shield)
rNeg     . . .     Faith    .   f - +2 robe
rPois    .         Spirit   .   (helmet restricted)
rElec    .         Reflect  .   n - scarf {rC+ rF+}
rCorr    .         Harm     .   (gloves unavailable)
MR       .....                  (boots unavailable)
Stlth    ++........             (no amulet)
HPRegen  0.63/turn              (no ring)
MPRegen  0.10/turn              (no ring)

@: lethally poisoned (-12 -> -12)
A: large, unfitting armour, claws 3, fast metabolism 3, gourmand, regeneration
1, shaggy fur 1, tough skin 3
a: Renounce Religion


You were on level 7 of the Dungeon.
You worshipped Xom.
You were a special plaything of Xom.
You were not hungry.

You visited 1 branch of the dungeon, and saw 7 of its levels.
You visited the Abyss 1 time.

You collected 218 gold pieces.
You spent 1 gold pieces at shops.

Inventory:

Hand Weapons
 c - a +2 falchion of distortion (weapon)
Armour
 a - a +0 robe
 f - a +2 robe (worn)
 h - a +0 ring mail
 i - a +0 robe
 j - a +0 helmet
 k - a cursed +0 leather armour
 n - a scarf of resistance (worn)
Scrolls
 d - 2 scrolls of amnesia
 e - a scroll of identify
 g - 2 scrolls of magic mapping
Comestibles
 b - 8 rations


   Skills:
 + Level 3.9 Fighting
 + Level 3.1 Long Blades
 + Level 4.3 Dodging
 + Level 1.8 Stealth
 + Level 6.6 Unarmed Combat


You had 7 spell levels left.
You didn't know any spells.
Your spell library contained the following spells:

 Spells                   Type           Power        Failure   Level  Hunger
 Corona                   Hex            #......      45%         1    ##.....
 Ensorcelled Hibernation  Hex/Ice        #.....       58%         2    ###....
 Confusing Touch          Hex            #.......     83%         3    ####...
 Dazzling Flash           Conj/Hex       #.....       83%         3    ####...
 Tukima's Dance           Hex            #.......     83%         3    ####...


Dungeon Overview and Level Annotations

Branches:
Dungeon (7/15)
 Temple: D:4-7

Altars:
Makhleb
Xom

Shops:
D:6 [

Annotations:
Abyss:1 Sigmund


Innate Abilities, Weirdness & Mutations

You are too large for most types of armour.
You have claws for hands.
Your metabolism is lightning-fast.
You like to eat raw meat.
Your natural rate of healing is unusually fast.
You are covered in fur. (AC +1)
You have extremely tough skin. (AC +3)


Message History

Found 13 gold pieces.
The gnoll hits you with a +0 spear.
You see here 5 gold pieces.
You completely miss the gnoll.
You feel sick. The ogre closely misses you.
The gnoll hits you but does no damage. The gnoll hits you with a +0 spear.
You closely miss the gnoll. You claw the gnoll!
The gnoll is severely wounded.
The ogre hits you with a +0 giant spiked club!
The gnoll hits you but does no damage. The gnoll hits you with a +0 spear!
You hit the gnoll.
The gnoll is severely wounded.
You feel sick. The gnoll hits you with a +0 spear. The gnoll barely misses you.
The ogre hits you with a +0 giant spiked club!!
* * * LOW HITPOINT WARNING * * *
You hit the gnoll.
You kill the gnoll!
The gnoll misses you.
The ogre hits you with a +0 giant spiked club!
You die...
Xom snickers!

.........###..
$....
.)....O...... .#..
............ ...#
........... ...
.......... ..##
......<.. ...
.....?.)#######.#
.......)...)@$..#
#####...####Og###
#....#...##..$..
#.######.###.##..#
#. #.....# .# .
....... ..
###...## # ...#
...#


You could see an ogre and a gnoll.

Vanquished Creatures
  A neqoxec (Abyss:1)
  A centaur (D:5)
  A bullfrog (D:6)
  A howler monkey (D:4)
  3 crimson imps
  A hound (D:5)
  3 orc priests
  A gnoll shaman (D:5)
  Natasha (twice) (D:4)
  An iguana (D:4)
  3 orc wizards
  2 worker ants
  2 killer bee zombies
  2 hound skeletons
  A howler monkey skeleton (D:5)
  An adder (D:6)
  6 gnolls
  A shadow imp (Abyss:1)
  A worm (D:2)
  A dart slug (D:1)
  A leopard gecko (D:5)
  12 orcs
  3 bats (D:1)
  2 giant cockroaches (D:1)
  3 hobgoblins
  2 jackals (D:1)
  A ball python (D:1)
  A frilled lizard (D:1)
  A goblin (D:2)
  5 kobolds (D:1)
  3 rats
69 creatures vanquished.

Vanquished Creatures (others)
  A centaur (D:6)
1 creature vanquished.

Grand Total: 70 creatures vanquished

Notes
Turn   | Place    | Note
-------+----------+-------------------------------------------
     0 | D:1      | spiritedaway the Troll Monk began the quest for the Orb.
     0 | D:1      | Reached XP level 1. HP: 22/22 MP: 0/0
   128 | D:1      | Reached XP level 2. HP: 29/29 MP: 1/1
   251 | D:1      | You fall into a shaft and drop 1 floor!
  1151 | D:4      | Found a burning altar of Makhleb.
  1192 | D:4      | Reached XP level 3. HP: 36/36 MP: 2/2
  1311 | D:4      | Reached skill level 4 in Unarmed Combat
  1311 | D:4      | Reached XP level 4. HP: 31/44 MP: 3/3
  1315 | D:4      | Noticed Natasha
  1378 | D:4      | HP: 2/44 [Natasha/magic dart (8)]
  1390 | D:4      | HP: 2/44 [Natasha (4)]
  1399 | D:4      | Killed Natasha
  1496 | D:4      | Noticed Natasha
  1500 | D:4      | Killed Natasha
  1565 | D:4      | Reached XP level 5. HP: 50/52 MP: 4/4
  1665 | D:4      | Found a shimmering altar of Xom.
  1669 | D:5      | Entered Level 5 of the Dungeon
  1764 | D:4      | Cast into level 1 of the Abyss (orc priest)
  1813 | Abyss:1  | Noticed a neqoxec
  1827 | Abyss:1  | Killed a neqoxec
  1827 | Abyss:1  | Reached skill level 5 in Unarmed Combat
  1827 | Abyss:1  | Reached XP level 6. HP: 24/61 MP: 5/5
  1846 | Abyss:1  | Noticed a small abomination
  1865 | Abyss:1  | Noticed an ice devil
  1869 | D:4      | Escaped the Abyss
  1888 | D:4      | Reached skill level 6 in Unarmed Combat
  1938 | D:4      | Became a worshipper of Xom of Chaos
  2006 | D:5      | XOM: divination: detect items
  2009 | D:5      | XOM: noise
  2031 | D:5      | Reached XP level 7. HP: 46/67 MP: 6/6
  2041 | D:5      | XOM: noise
  2311 | D:5      | Noticed Sigmund
  2316 | D:5      | Banished Sigmund
  2316 | D:5      | Reached skill level 1 in Long Blades
  2334 | D:5      | XOM: potion effect (invisibility)
  2381 | D:5      | XOM: 2-stop teleportation journey
  2467 | D:5      | XOM: 1-stop teleportation journey
  2543 | D:6      | XOM: enchant monster (bad)
  2638 | D:6      | Reached XP level 8. HP: 58/78 MP: 7/7
  2673 | D:6      | Found Kaarad's Armour Emporium.
  2689 | D:6      | Bought a cursed +0 leather armour for 1 gold piece
  2692 | D:6      | Paralysed by fainting for 10 turns
  2703 | D:6      | Paralysed by fainting for 11 turns
  2781 | D:7      | HP: 3/78 [ogre/+0 giant spiked club (31)]
  2782 | D:7      | Mangled by an ogre

Illustrated notes

Levels and vault maps discovered:
D:1:      minmay_arrival_stone_box, layout_loops_cross,
          chequers_serial_rivers_room_b, kennysheep_another_room, minivault_14
D:2:      layout_loops_ring, lemuel_coloured_pillars_altar, nrook_campfire
D:3:      layout_basic, nicolae_dithmenos_through_a_glass_darkly,
          uniq_crazy_yiuf_cottage
D:4:      layout_basic, kennysheep_mini_moat, old_standard_altar, led_xom_imps,
          minmay_temple_entry_ruins, serial_glass, glass_columns_b,
          glass_columns_a, glass_columns_c, glass_columns_b, glass_columns_a,
          glass_columns_b, glass_columns_c, glass_columns_b, glass_columns_b,
          glass_columns_a, minmay_strange_pillars, feat_on_display, uniq_pikel,
          uniq_edmund, uniq_natasha
D:5:      layout_basic, first_ration, kennysheep_generic_room_4, uniq_sigmund
D:6:      layout_loops_cross, basic_altar, nicolae_ossuary_entry_ruins,
          serial_shops, nicolae_shop_stone, ebering_ghost_inner_flame,
          dk_noncrumbling_4
D:7:      layout_rooms, lemuel_crystal_altar, the_bakery,
          chequers_guarded_unrand_ignorance

Skill      XL: |  1  2  3  4  5  6  7  8 |
---------------+-------------------------+-----
Dodging        | 3 4 |  4.3
Unarmed Combat | 4 5 6 |  6.6
Fighting       | 3 |  3.9
Long Blades    | 2 3 |  3.1
Stealth        | |  1.8

Action                   |  1- 3 |  4- 6 |  7- 9 || total
-------------------------+-------+-------+-------++-------
Melee: Unarmed           |    67 |    85 |       ||   152
       Punch             |       |     4 |     3 ||     7
       Falchion          |       |    14 |    69 ||    83
  Use: Scroll            |     8 |     5 |     1 ||    14
       Potion            |       |     4 |     2 ||     6
 Stab: Sleeping          |     1 |       |       ||     1
       Invisible         |       |       |     3 ||     3
  Eat: Ration            |     2 |     1 |     2 ||     5
       Chunk             |     6 |       |       ||     6
Armor: Robe              |    28 |    44 |    30 ||   102
Dodge: Dodged            |    33 |    73 |    51 ||   157
       Rpst.: Falchion   |       |     2 |    14 ||    16
